Map: Fastest Resources 8 Player

Players

JagrsMullets - Winner!

  • Race: Protoss Protoss
  • Spawn Location: 1:00

VOD

Have the link to the VOD?

Description

Time

  • Played on: Dec. 26, 2017, 3:33 a.m.
  • Length: 16:17
Show
View Real Time Build Order
Export as new Build Order

JagrsMullets Protoss - Winner!

Build Orders:  

Get SALT Encoding   

  12  0:10  Probe  
  12  0:20  Assimilator  
  12  0:45  Pylon  
  12  0:47  Pylon  
  12  0:49  Pylon  
  12  0:52  Pylon  
  12  0:54  Pylon  
  12  0:57  Pylon  
  12  1:00  Pylon  
  12  1:03  Pylon  
  12  1:06  Pylon  
  12  1:08  Pylon  
  12  1:11  Pylon  
  12  1:14  Pylon  
  12  1:16  Pylon  
  12  1:19  Pylon  
  12  1:21  Pylon  
  12  2:08  Gateway  
  12  3:17  Cybernetics Core  
  12  3:20  Forge  
  12  4:02  Twilight Council  
  12  4:13  Stargate  
  12  4:27  Robotics Facility  
  12  5:04  Fleet Beacon  
  12  5:13  Templar Archives  
  12  5:15  Dark Shrine  
  12  5:23  Robotics Bay  
Tags
 
Add a new tag
Caveats
  • Supply blocks, unpowered buildings, or Contaminate may cause inaccurate times.
  • Supply counts are checked every 10 seconds.